 Dungeon Crawl Stone Soup version 0.29.1-2-gbd0b4ee654 (webtiles) character file.

Game seed: 7763410736978615244

116 GorkyZ the Covered (level 5, 0/33 HPs)
             Began as a Gargoyle Fighter on Nov 29, 2022.
             Killed from afar by Sigmund (2 damage)
             ... with a puff of flame
             ... on level 3 of the Dungeon.
             The game lasted 00:07:31 (2898 turns).

GorkyZ the Covered (Gargoyle Fighter)               Turns: 2898, Time: 00:07:32

Health: 0/33       AC: 11    Str: 18    XL:     5   Next: 1%
Magic:  5/5        EV:  9    Int: 13    God:
Gold:   108        SH:  5    Dex: 10    Spells: 4/4 levels left

rFire   . . .      SeeInvis .   a - +0 war axe
rCold   . . .      Faith    .   c - +1 buckler
rNeg    + . .      Spirit   .   b - +0 scale mail
rPois   ∞          Reflect  .   (no helmet)
rElec   +          Harm     .   (no cloak)
rCorr   .          Rampage  .   (no gloves)
Will    .....                   (no boots)
Stlth   ..........              (no amulet)
HPRegen 0.11/turn               (no ring)
MPRegen 0.09/turn               (no ring)

@: hasted, very quick
A: sickness immunity, AC +4, negative energy resistance 1, electricity
resistance, torment resistance 1, petrification resistance, clever 1
a: no special abilities


You were on level 3 of the Dungeon.
You visited 1 branch of the dungeon, and saw 3 of its levels.

You collected 108 gold pieces.

Inventory:

Hand Weapons
 a - a +0 war axe (weapon)
Missiles
 r - 3 atropa-tipped darts (quivered)
Armour
 b - a +0 scale mail (worn)
 c - a +1 buckler (worn)
Jewellery
 o - a ring of magical power
Scrolls
 f - a scroll of poison {unknown}
 g - a scroll of fear
 j - a scroll of blinking {unknown}
Potions
 d - a potion of might
 h - 2 potions of brilliance
 i - a potion of cancellation
 s - a potion of resistance {unknown}


   Skills:
 + Level 3.7 Fighting
 + Level 2.3 Axes
 + Level 1.0 Throwing
 + Level 3.8 Armour
 + Level 1.1 Dodging
 + Level 3.7 Shields
 + Level 1.3 Evocations


You had 4 spell levels left.
You didn't know any spells.
Your spell library contained the following spells:

 Spells                   Type           Power      Damage    Failure   Level
 Foxfire                  Conj/Fire      0%         2x1d4     77%         1
 Shock                    Conj/Air       0%         1d3       77%         1
 Summon Small Mammal      Summ           0%         N/A       77%         1
 Call Canine Familiar     Summ           0%         N/A       98%         3
 Summon Guardian Golem    Hex/Summ       0%         N/A       98%         3
 Swiftness                Air            0%         N/A       98%         3
 Airstrike                Air            0%         2d(0-16)  100%        4
 Anguish                  Hex/Necr       0%         N/A       100%        4
 Enfeeble                 Hex            0%         N/A       100%        7


Dungeon Overview and Level Annotations

Branches:
Dungeon (3/15)

Altars:

Annotations:
D:3 2 runed translucent doors, Sigmund


Innate Abilities, Weirdness & Mutations

You are immune to sickness and miasma.
Your stone body is resilient. (AC +4)
You are immune to poison.
You resist negative energy. (rN+)
You are resistant to electric shocks. (rElec)
You are resistant to unholy torment.
You are immune to petrification.
Your mind is acute. (Int +4, Str/Dex -1)


Message History

The puff of flame hits you!
* * * LOW HITPOINT WARNING * * *
You feel yourself speed up. Something hits you.
* * * LOW HITPOINT WARNING * * *
It was a potion of curing.
You feel better.
You completely miss something.
You hear some strange, mumbled words.
A magic dart appears from out of thin air!
The magic dart hits you.
You barely miss something. Something hits you but does no damage.
You closely miss something. You closely miss something.
You hear some strange, mumbled words.
A magic dart appears from out of thin air!
The magic dart hits you.
* * * LOW HITPOINT WARNING * * *
You barely miss something.
You hear some strange, mumbled words.
Something tries to affect you, but you resist.
You miss something.
You hear some strange, mumbled words.
You are confused.
Your magical effects are unravelling.
You feel magically purged.
You feel yourself slow down.
You feel less confused. Something hits you.
* * * LOW HITPOINT WARNING * * *
Okay, then.
You feel yourself speed up. Something hits you!
* * * LOW HITPOINT WARNING * * *
You closely miss something.
Unknown command.
You hit something but do no damage. Something hits you but does no damage.
You are too injured to fight recklessly!
You hit something but do no damage. You hit something.
You hear a zap.
A puff of flame appears from out of thin air!
The puff of flame hits you.
You die...

######..###.# #........
#...##.############.###'##.
#......!................##.
######..###########.######.
#...# #..............
#.#.####.#####.#######
#..†...# #.# #... ####.#.#
### #.## #.@{# #...
##(......# #### ........#
.........+ ## #.........+
#. #...(..#..# #.
#.........# #. #.........#
###. ######.#.


There were no monsters in sight!

Vanquished Creatures
  Natasha (D:3)
  4 adders
  2 dart slugs
  8 endoplasms
  A giant cockroach (D:2)
  8 hobgoblins
  4 jackals (D:1)
  4 kobolds
  A quokka (D:1)
  3 ball pythons
  3 bats (D:1)
  A frilled lizard (D:1)
  4 goblins
  6 rats
50 creatures vanquished.

Notes
Turn   | Place    | Note
-------+----------+-------------------------------------------
     0 | D:1      | GorkyZ the Gargoyle Fighter began the quest for the Orb.
     0 | D:1      | Reached XP level 1. HP: 14/14 MP: 1/1
   215 | D:1      | Reached XP level 2. HP: 17/19 MP: 2/2
  1072 | D:1      | Reached XP level 3. HP: 23/23 MP: 3/3
  1657 | D:2      | Reached skill level 1 in Evocations
  1701 | D:2      | Reached XP level 4. HP: 28/28 MP: 4/4
  1865 | D:2      | Found a faded altar of an unknown god.
  1871 | D:2      | Got Plato's Omnibus of Confrontation
  2065 | D:2      | Reached skill level 1 in Dodging
  2410 | D:3      | Gained mutation: You sometimes lose your temper in combat.
                  | [potion of mutation]
  2411 | D:3      | Lost mutation: You sometimes lose your temper in combat.
                  | [potion of mutation]
  2411 | D:3      | Gained mutation: Your mind is acute. (Int +4, Str/Dex -1)
                  | [potion of mutation]
  2806 | D:3      | Noticed Natasha
  2814 | D:3      | Killed Natasha
  2815 | D:3      | Reached skill level 1 in Throwing
  2815 | D:3      | Reached XP level 5. HP: 22/33 MP: 5/5
  2865 | D:3      | Noticed Sigmund
  2879 | D:3      | Found a large runed translucent door.
  2879 | D:3      | Found a large runed translucent door.
  2894 | D:3      | HP: 1/33 [something (7)]
  2898 | D:3      | Killed from afar by Sigmund

Illustrated notes

Levels and vault maps discovered:
D:1:      wander_arrival_estate, layout_loops_corners, serial_bayou_lagoon_a,
          wad_floor_pattern_untrapped
D:2:      layout_loops_cross, shapermc_ecumenical_altar_rom_forum,
          grunt_ministairs_13
D:3:      layout_basic, ebering_ghost_disaster_area, uniq_sigmund, uniq_jessica,
          uniq_natasha

Skill      XL: |  1  2  3  4 |
---------------+-------------+-----
Axes           | 2 |  2.3
Evocations     | 1 |  1.3
Dodging        | 1 |  1.1
Throwing       | 1 |  1.0
Fighting       | |  3.7
Armour         | |  3.8
Shields        | |  3.7

Action                   |  1- 3 |  4- 6 || total
-------------------------+-------+-------++-------
Melee: War axe           |   101 |    60 ||   161
Throw: Dart              |       |     5 ||     5
  Use: Scroll            |       |    10 ||    10
       Potion            |       |     6 ||     6
Armor: Scale mail        |    44 |    26 ||    70
Dodge: Dodged            |    51 |    28 ||    79
Block: Buckler           |    22 |     7 ||    29
